 Dungeon Crawl Stone Soup version 0.30-a0-1018-g25214051b3 (webtiles) character file.

Game seed: 9428279302510957487

57 gelatine the Chopper (level 3, 0/27 HPs)
             Began as a Demonspawn Gladiator on Apr 8, 2023.
             Slain by a gnoll
             ... wielding a +0 whip
              (2 damage)
             ... on level 2 of the Dungeon.
             The game lasted 00:01:43 (1172 turns).

gelatine the Chopper (Demonspawn Gladiator)         Turns: 1172, Time: 00:01:44

Health: 0/27       AC:  6    Str: 16    XL:     3   Next: 73%
Magic:  3/3        EV: 12    Int:  9    God:
Gold:   104        SH:  0    Dex: 14    Spells: 2/2 levels left

rFire   . . .      SeeInvis .    a - +0 war axe
rCold   . . .      Faith    .    (no shield)
rNeg    . . .      Spirit   .    b - +0 leather armour
rPois   .          Reflect  .    c - +0 helmet
rElec   .          Rampage  .    (no cloak)
rCorr   .                        (no gloves)
Will    .....                    (no boots)
Stlth   +                        (no amulet)
HPRegen 0.24/turn                (no ring)
MPRegen 0.08/turn                (no ring)

@: no status effects
A: icy blue scales 1
a: no special abilities


You were on level 2 of the Dungeon.
You visited 1 branch of the dungeon, and saw 2 of its levels.

You collected 104 gold pieces.

Inventory:

Hand Weapons
 a - a +0 war axe (weapon)
Missiles
 d - 3 throwing nets (quivered)
 e - a javelin
Armour
 b - a +0 leather armour (worn)
 c - a +0 helmet (worn)
Scrolls
 g - 2 scrolls of teleportation {unknown}
Potions
 f - a potion of curing {unknown}
 h - a potion of invisibility {unknown}
 i - a potion of might {unknown}


   Skills:
 + Level 2.3 Fighting
 + Level 3.4 Axes
 + Level 1.9 Throwing
 + Level 0.8 Armour
 + Level 3.1 Dodging
 + Level 0.3 Stealth


You had 2 spell levels left.
You didn't know any spells.
Your spell library was empty.

Dungeon Overview and Level Annotations

Branches:
Dungeon (2/15)

Altars:


Innate Abilities, Weirdness & Mutations

You are partially covered in icy blue scales. (AC +2)


Message History

The frilled lizard bites you but does no damage.
You slash the frilled lizard!
You kill the frilled lizard!
You see here a frilled lizard corpse.
A gnoll comes into view.
It is wielding a +3 vampiric spear and quivering poisoned darts.
A gnoll comes into view. It is wielding a +0 spear.
Found a scroll labelled DEMAIBL VOLOTSIY.
The gnoll shouts!
You hear a shout! x2
The gnoll throws a poisoned dart.
The poisoned dart misses you.
The gnoll hits you from afar with a +3 vampiric spear.
The gnoll hits you with a +3 vampiric spear.
The gnoll hits you from afar with a +0 spear.
You hit the gnoll.
The gnoll is moderately wounded.
The gnoll barely misses you. The gnoll misses you.
The gnoll hits you from afar with a +0 spear.
The gnoll hits you with a +3 vampiric spear!
The gnoll draws strength from your wounds!
You barely miss the gnoll.
A gnoll comes into view. It is wielding a +0 whip.
The gnoll closely misses you.
The gnoll hits you from afar with a +0 spear.
You slash the gnoll!
The gnoll is severely wounded.
The gnoll closely misses you.
The gnoll hits you from afar with a +0 spear.
* * * LOW HITPOINT WARNING * * *
You slash the gnoll!
You kill the gnoll!
The gnoll barely misses you.
The gnoll hits you from afar with a +0 spear.
* * * LOW HITPOINT WARNING * * *
The gnoll hits you but does no damage.
You hit the gnoll but do no damage. The gnoll closely misses you.
The gnoll misses you.
You hit the gnoll but do no damage. The gnoll hits you but does no damage.
The gnoll hits you from afar with a +0 spear.
* * * LOW HITPOINT WARNING * * *
The gnoll closely misses you. The gnoll hits you with a +0 whip.
You die...

.......))..#
..###..)...####
......###.....#
......#⌠#..##?#
.###..###..# ..
#.......# ##
#.#####†#
#.###.#####.#
#....gg@....#
#####.#####.# #
#.# ... #.#.
..... ### #? #.


You could see 2 gnolls.

Vanquished Creatures
  A gnoll (D:2)
  A worm (D:2)
  3 dart slugs
  4 orcs (D:2)
  An endoplasm (D:1)
  2 giant cockroaches
  3 kobolds
  2 quokkas (D:1)
  6 ball pythons
  6 bats
  A frilled lizard (D:2)
  7 rats (D:1)
37 creatures vanquished.

Notes
Turn   | Place    | Note
-------+----------+-------------------------------------------
     0 | D:1      | gelatine the Demonspawn Gladiator began the quest for the
                  | Orb.
     0 | D:1      | Reached XP level 1. HP: 16/16 MP: 1/1
   221 | D:1      | Gained mutation: You are partially covered in icy blue
                  | scales. (AC +2) [demonic ancestry]
   221 | D:1      | Reached XP level 2. HP: 20/22 MP: 2/2
   770 | D:1      | Reached XP level 3. HP: 27/27 MP: 3/3
  1172 | D:2      | Slain by a gnoll

Illustrated notes

Levels and vault maps discovered:
D:1:      matt_arrival_los_fun, layout_basic, minmay_quantized
D:2:      layout_loops_ring, feat_on_display, uniq_natasha, uniq_terence,
          uniq_crazy_yiuf_cottage

Skill      XL: |  1  2 |
---------------+-------+-----
Dodging        | 3 |  3.1
Axes           | 3 |  3.4
Fighting       | |  2.3
Throwing       | |  1.9
Armour         | |  0.8
Stealth        | |  0.3

Action                     || total
---------------------------++-------
  Melee: War axe           ||    91
         Punch             ||     2
   Stab: Sleeping          ||     1
 Armour: Leather armour    ||    43
  Dodge: Dodged            ||    92

Table legend: (Time is in decaauts)
 A = Elapsed time spent in this place.
 B = Non-inter-level travel time spent in this place.
 C = Inter-level travel time spent in this place.
 D = Time resting spent in this place.
 E = Time spent auto-exploring this place.
 F = Levels seen in this place.
 G = Mean time per level.
                   A        B        C        D        E       F      G
               +--------+--------+--------+--------+--------+-----+--------+
         Total |   1202 |   1147 |     55 |      0 |    869 |   2 |  601.0 |
       Dungeon |   1202 |   1147 |     55 |      0 |    869 |   2 |  601.0 |
               +--------+--------+--------+--------+--------+-----+--------+

Top non-repeatable levels by time:
     D:1: 1053 daAuts
     D:2: 149 daAuts
